 Dungeon Crawl Stone Soup version 0.32-a0-485-g70f7560b1c (webtiles) character file.

Game seed: 17043828009037812049

9 Esekla the Sneak (level 2, 8/21 HPs)
             Began as an Octopode Delver on Feb 26, 2024.
             Quit the game on level 5 of the Dungeon.
             The game lasted 00:01:52 (493 turns).

Esekla the Sneak (Octopode Delver)                   Turns: 493, Time: 00:01:52

Health: 8/21       AC:  1    Str: 11    XL:     2   Next: 12%
Magic:  2/2        EV: 13    Int: 12    God:
Gold:   0          SH:  0    Dex: 13    Spells: 1/1 levels left

rFire   . . .        a - +0 falchion
rCold   . . .        (no shield)
rNeg    . . .        (helmet restricted)
rPois   .            (no amulet)
rElec   .            (no ring)
rCorr   .            (no ring)
SInv    .            (no ring)
Will    .....        (no ring)
Stlth   ++++         (no ring)
HPRegen 0.23/turn    (no ring)
MPRegen 0.08/turn    (no ring)
                     (no ring)

%: no passive effects
@: no status effects
A: almost no armour, amphibious, 8 rings, camouflage 1, gelatinous body 1,
(nimble swimmer 1), tentacles
a: no special abilities


You were on level 5 of the Dungeon.
You visited 1 branch of the dungeon, and saw 1 of its levels.

Inventory:

Hand Weapons
 a - a +0 falchion (weapon)
Wands
 f - a wand of digging (3)
Scrolls
 b - a scroll of fog
 d - a scroll of fear
Potions
 e - a potion of haste


   Skills:
 * Level 3.1 Fighting
 + Level 2.0 Long Blades
 * Level 2.1 Dodging
 + Level 6.8 Stealth
 * Level 0.4 Spellcasting


You had one spell level left.
You didn't know any spells.
Your spell library was empty.

Dungeon Overview and Level Annotations

Branches:
Dungeon (5/15)
 Temple: D:4-7

Altars:
Qazlal


Innate Abilities, Weirdness & Mutations

You cannot wear most types of armour.
You are amphibious.
You can wear up to eight rings at the same time.
Your skin changes colour to match your surroundings (Stealth+).
Your rubbery body absorbs attacks. (AC +1, EV +1)
((You are camouflaged when in or above water. (Stealth+)))
You have tentacles for arms and can constrict up to eight enemies at once.


Message History

Done waiting.
You start waiting.
An orc priest opens the door.
It is wielding a +0 hand axe.
An orc priest is nearby!
The orc priest moves out of view.
You start waiting.
Done waiting.
You start waiting.
Done waiting.
The adder hisses angrily.
You miss the adder. Your grab misses the adder. Your squeeze misses the adder.
The adder barely misses you.
You slash the adder! You grab the adder.
The adder is severely wounded.
You constrict the adder. The adder bites you. The adder barely misses you.
You hit the adder.
The adder is almost dead.
You constrict the adder.
You kill the adder!
You have reached level 2!
You see here an adder corpse.
An orc wizard comes into view. It is wielding a +0 dagger.
An orc comes into view. It is wielding a +0 flail.
There is an open door here.
There is an open door here.
An iguana comes into view.
A sky beast and a centaur come into view.
Found a stormy altar of Qazlal.
The iguana hisses angrily.
The centaur shouts!
The centaur wields a +0 orcbow.
The centaur shoots an arrow.
The arrow closely misses you.
The iguana hisses menacingly.
The centaur shoots an arrow.
The arrow barely misses you.
The sky beast flickers out of sight!
Deactivating autopickup; reactivate with Ctrl-A.
The centaur shoots an arrow.
The arrow hits you!
Ouch! That really hurt!
A sky beast appears from thin air!
Reactivating autopickup.
Are you sure you want to abandon this character and quit the game? (Confirm with "yes".)

,,,,,*,,,,...§......#*...##....#.
,,,,,**,,,*#..Yc....##...##....#.
,,,,,,*,,,,#..................##.
<,,,,,*,,,,#..................##'
,,,,***#....###l..............#..
,,,,* #..,,* #.....##...##...'..
**+** ♣,,,,* ###...##...##...#..
,,,,* **,,,* ##...##.......[#..
,,,,* **,** #@....#........#..
,,,,* **,* *#.....#........#..
,,,,* *,** *+.....'...##...##.
,,,,* **,* *#.....#...#######.
,,,,* *,** #.....#....# #.. ,,,,*
**+** #....##...## #.. ,,,,*
*,,,* #.....##########†. ,,,,*
*,,,* ##....# #####.. ,,,,* *,,,*
###### #####..


There were no monsters in sight!

Vanquished Creatures
  An adder (D:5)
1 creature vanquished.

Notes
Turn   | Place    | Note
-------+----------+-------------------------------------------
     0 | D:5      | Esekla the Octopode Delver began the quest for the Orb.
     0 | D:5      | Reached XP level 1. HP: 16/16 MP: 1/1
    18 | D:5      | Noticed a scorpion
   241 | D:5      | Noticed an orc priest
   457 | D:5      | Reached XP level 2. HP: 20/21 MP: 2/2
   487 | D:5      | Found a stormy altar of Qazlal.
   487 | D:5      | Noticed a sky beast
   487 | D:5      | Noticed a centaur
   493 | D:5      | Quit the game

Illustrated notes

Levels and vault maps discovered:
D:5:      layout_gridville, nicolae_qazlal_beasts_of_the_sky,
          corexii_checkpoint, uniq_prince_ribbit1, uniq_crazy_yiuf_cottage

Action                     || total
---------------------------++-------
  Melee: Falchion          ||     3
         Constrict         ||     1
    Use: Scroll            ||     1
 Armour: Skin              ||     2
  Dodge: Dodged            ||     4

Table legend: (Time is in decaauts)
 A = Elapsed time spent in this place.
 B = Non-inter-level travel time spent in this place.
 C = Inter-level travel time spent in this place.
 D = Time resting spent in this place.
 E = Time spent auto-exploring this place.
 F = Levels seen in this place.
 G = Mean time per level.
                   A        B        C        D        E       F      G
               +--------+--------+--------+--------+--------+-----+--------+
         Total |    493 |    493 |      0 |    405 |      0 |   1 |  493.0 |
       Dungeon |    493 |    493 |      0 |    405 |      0 |   1 |  493.0 |
               +--------+--------+--------+--------+--------+-----+--------+

Top non-repeatable levels by time:
     D:5: 493 daAuts
